 Dungeon Crawl Stone Soup version 0.27-a0-1572-gacd6f1ce93 (webtiles) character file.

Game seed: 13618106770142065241

113 Essalna the Gusty (level 4, 0/24 HPs)
             Began as a Tengu Air Elementalist on July 17, 2021.
             Slain by a jackal (1 damage)
             ... on level 3 of the Dungeon.
             The game lasted 00:05:06 (2932 turns).

Essalna the Gusty (Tengu Air Elementalist)          Turns: 2932, Time: 00:05:07

Health: 0/24       AC:  2    Str:  8    XL:     4   Next: 96%
Magic:  3/10       EV: 27    Int: 17    God:
Gold:   89         SH:  0    Dex: 14    Spells: 9/10 levels left

rFire    . . .     SeeInvis .   (no weapon)
rCold    . . .     Faith    .   (no shield)
rNeg     . . .     Spirit   .   a - +0 robe
rPois    .         Reflect  .   (helmet restricted)
rElec    .         Harm     .   (no cloak)
rCorr    .         Rampage  .   (no gloves)
Will     .....                  (boots unavailable)
Stlth    ++........             c - amulet of the acrobat
HPRegen  0.08/turn              (no ring)
MPRegen  0.12/turn              (no ring)

@: acrobatic
A: beak, talons 3
a: no special abilities


You were on level 3 of the Dungeon.
You visited 1 branch of the dungeon, and saw 3 of its levels.

You collected 89 gold pieces.

Inventory:

Missiles
 f - 2 throwing nets
Armour
 a - a +0 robe (worn)
Jewellery
 c - an amulet of the acrobat (around neck)
Scrolls
 g - a scroll of amnesia {unknown}
 h - a scroll of immolation {unknown}
 i - 2 scrolls of identify {unknown}
Potions
 b - a potion of haste {unknown}
 d - a potion of curing {unknown}
 e - 2 potions of lignification {unknown}
 j - a potion of ambrosia {unknown}


   Skills:
 - Level 2.1 Dodging
 - Level 2.0 Stealth
 + Level 3.5 Spellcasting
 - Level 1.3 Conjurations
 + Level 5.8 Air Magic


You had 9 spell levels left.
You knew the following spells:

 Your Spells              Type           Power      Damage    Failure   Level
a - Shock                 Conj/Air       60%        1d6       3%          1

Your spell library contained the following spells:

 Spells                   Type           Power      Damage    Failure   Level
 Swiftness                Air            22%        N/A       4%          3
 Static Discharge         Conj/Air       15%        N/A       6%          2
 Airstrike                Air            11%        N/A       14%         4
 Corona                   Hex            2%         N/A       17%         1
 Ensorcelled Hibernation  Hex/Ice        4%         N/A       26%         2
 Tukima's Dance           Hex            2%         N/A       45%         3


Dungeon Overview and Level Annotations

Branches:
Dungeon (3/15)

Altars:
Sif Muna

Annotations:
D:3 1 runed translucent door, Terence


Innate Abilities, Weirdness & Mutations

You have a beak for a mouth.
You have claws for feet.


Message History

Press: ? - help, Shift-Dir - straight line The zap hits Terence but does no damage.
Terence is moderately wounded.
Terence barely misses you.
Casting: Shock (safe; 3% risk of failure)
Confirm with . or Enter, or press ? or * to list all spells.
Aiming: Shock (safe; 3% risk of failure)
Press: ? - help, Shift-Dir - straight line The zap hits Terence but does no damage.
Terence is moderately wounded.
Terence hits you with a +0 flail!
* * * LOW HITPOINT WARNING * * *
Casting: Shock (safe; 3% risk of failure)
Confirm with . or Enter, or press ? or * to list all spells.
Aiming: Shock (safe; 3% risk of failure)
Press: ? - help, Shift-Dir - straight line You miscast Shock.
You are very lightly contaminated with residual magic.
Nothing appears to happen.
Terence barely misses you.
Casting: Shock (safe; 3% risk of failure)
Confirm with . or Enter, or press ? or * to list all spells.
Aiming: Shock (safe; 3% risk of failure)
Press: ? - help, Shift-Dir - straight line The zap hits Terence but does no damage.
Terence is moderately wounded.
Terence misses you.
Casting: Shock (safe; 3% risk of failure)
Confirm with . or Enter, or press ? or * to list all spells.
Aiming: Shock (safe; 3% risk of failure)
Press: ? - help, Shift-Dir - straight line The zap misses Terence.
Terence hits you with a +0 flail.
* * * LOW HITPOINT WARNING * * *
Your magical contamination has completely faded away.
A jackal comes into view.
A jackal comes into view.
The jackal barks!
You hear a bark!
The jackal barks!
The jackal bites you.
* * * LOW HITPOINT WARNING * * *
The jackal bites you.
You die...

≈≈≈≈#.##..##.#..
≈≈≈w+...........
≈≈≈≈#...####.... #######.#
#.#.# ....###.####.#.# ##.
#...........##
#####..##########.##...##.
........hh.@............##
...>.....@#####..###.....#
!.........# #.## ####..#
.........# #.# #...
###...### #.# #...
#####...# #.# #####
#......##.# #.# ###....
........#.#####.####..†...
.....................#....
.........##........#######


You could see Terence and 2 jackals.

Vanquished Creatures
  4 adders
  A worm (D:3)
  2 dart slugs
  2 orcs (D:3)
  6 ball pythons
  6 bats
  6 endoplasms (D:1)
  A giant cockroach (D:2)
  2 goblins
  6 hobgoblins
  6 jackals
  10 kobolds
  A quokka (D:1)
  A frilled lizard (D:1)
  7 rats
61 creatures vanquished.

Notes
Turn   | Place    | Note
-------+----------+-------------------------------------------
     0 | D:1      | Essalna the Tengu Air Elementalist began the quest for the
                  | Orb.
     0 | D:1      | Reached XP level 1. HP: 10/10 MP: 4/4
   137 | D:1      | Reached XP level 2. HP: 15/15 MP: 1/6
   638 | D:1      | Found a faded altar of an unknown god.
   667 | D:1      | Reached XP level 3. HP: 19/19 MP: 2/7
  1059 | D:1      | Reached skill level 5 in Air Magic
  1800 | D:2      | Reached XP level 4. HP: 17/24 MP: 0/9
  2603 | D:3      | Found a shimmering blue altar of Sif Muna.
  2825 | D:3      | Found a runed translucent door.
  2882 | D:3      | Noticed Terence
  2931 | D:3      | HP: 1/24 [jackal (3)]
  2932 | D:3      | Slain by a jackal

Illustrated notes

Levels and vault maps discovered:
D:1:      elethiomel_arrival_infinity_welcomes_careful_drivers,
          layout_loops_ring, hellmonk_ecumenical_altar_leap_of_faith,
          supply_closet_lemuel, minmay_misc_feat_four_crosses,
          serial_park_tiny_pond, chequers_serial_rivers_small_3
D:2:      layout_loops_ring
D:3:      layout_rooms, mainiacjoe_overflow_paths, ebering_ghost_sewer_f,
          minivault_4, st_stairs_13, nrook_loot_triangle,
          chequers_serial_rivers_room_b, uniq_terence

Skill      XL: |  1  2  3 |
---------------+----------+-----
Air Magic      | 5 |  5.8
Spellcasting   | 3 |  3.5
Dodging        | |  2.1
Stealth        | |  2.0
Conjurations   | |  1.3

Action                   |  1- 3 |  4- 6 || total
-------------------------+-------+-------++-------
Melee: Unarmed           |    11 |     1 ||    12
       Kick              |     1 |       ||     1
       Peck              |       |     1 ||     1
 Cast: Shock             |    76 |    53 ||   129
Armor: Robe              |     8 |     1 ||     9
Dodge: Dodged            |    31 |    15 ||    46

Table legend: (Time is in decaauts)
 A = Elapsed time spent in this place.
 B = Non-inter-level travel time spent in this place.
 C = Inter-level travel time spent in this place.
 D = Time resting spent in this place.
 E = Time spent auto-exploring this place.
 F = Levels seen in this place.
 G = Mean time per level.
                   A        B        C        D        E       F      G
               +--------+--------+--------+--------+--------+-----+--------+
         Total |   2935 |   2900 |     35 |     50 |   2526 |   3 |  978.3 |
       Dungeon |   2935 |   2900 |     35 |     50 |   2526 |   3 |  978.3 |
               +--------+--------+--------+--------+--------+-----+--------+

Top non-repeatable levels by time:
     D:1: 1504 daAuts
     D:2: 967 daAuts
     D:3: 464 daAuts
